 Dungeon Crawl Stone Soup version 0.29-a0-723-gce39da1c22 (webtiles) character file.

Game seed: 10692598445643836276

49 sizableburger the Ruffian (level 3, -2/36 HPs)
             Began as an Ogre Transmuter on June 28, 2022.
             Succumbed to Sigmund's poison
             ... on level 2 of the Dungeon.
             The game lasted 00:03:16 (2002 turns).

sizableburger the Ruffian (Ogre Transmuter)         Turns: 2002, Time: 00:03:16

Health: -2/36      AC:  4    Str: 16    XL:     3   Next: 75%
Magic:  6/6        EV: 10    Int: 14    God:
Gold:   69         SH:  0    Dex:  9    Spells: 0/6 levels left

rFire   . . .      SeeInvis .     - Unarmed
rCold   . . .      Faith    .   (no shield)
rNeg    . . .      Spirit   .   a - +0 robe
rPois   .          Reflect  .   (helmet restricted)
rElec   .          Harm     .   h - +0 cloak
rCorr   .          Rampage  .   (gloves unavailable)
Will    .....                   (boots unavailable)
Stlth   +.........              l - amulet of regeneration
HPRegen 0.92/turn               j - +4 ring of slaying
MPRegen 0.10/turn               (no ring)

@: lethally poisoned (-2 -> -17), attractive, hasted, very quick
A: large, unfitting armour, tough skin 1
a: no special abilities


You were on level 2 of the Dungeon.
You visited 1 branch of the dungeon, and saw 2 of its levels.

You collected 69 gold pieces.

Inventory:

Armour
 a - a +0 robe (worn)
 h - a +0 cloak (worn)
Jewellery
 j - a +4 ring of slaying (left hand)
 l - an amulet of regeneration (around neck)
Scrolls
 i - a scroll of amnesia
 m - a scroll of identify {unknown}
Potions
 b - a potion of lignification
 f - a potion of invisibility {unknown}
 g - a potion of magic {unknown}


   Skills:
 + Level 2.6 Fighting
 - Level 2.2 Dodging
 + Level 3.1 Unarmed Combat
 - Level 2.4 Spellcasting
 - Level 2.2 Transmutations
 + Level 0.5 Poison Magic


You couldn't memorise any spells.
You knew the following spells:

 Your Spells              Type           Power      Damage    Failure   Level
a - Beastly Appendage     Tmut           14%        N/A       10%         1
b - Wereblood             Tmut           7%         N/A       14%         2
c - Spider Form           Tmut/Pois      5%         N/A       36%         3

Your spell library contained the following spells:

 Spells                   Type           Power      Damage    Failure   Level
 Poisonous Vapours        Pois/Air       4%         N/A       30%         2
 Ice Form                 Ice/Tmut       4%         N/A       82%         4
 Corpse Rot               Necr/Pois/Air  2%         N/A       91%         4


Dungeon Overview and Level Annotations

Branches:
Dungeon (2/15)

Altars:

Annotations:
D:2 Sigmund


Innate Abilities, Weirdness & Mutations

You are too large for most types of armour.
You have tough skin. (AC +1)


Message History

The bat hits you but does no damage. The bat closely misses you.
Unknown command.
Unknown command.
Cast which spell? (? or * to list)
You don't know that spell.
Cast which spell? (? or * to list)
You don't know that spell.
As you read the scroll labelled HUOMUI HUTUOTT, it crumbles to dust.
It is a scroll of amnesia.
Really abort (and waste the scroll)?
Okay, then.
You feel sick. The bat barely misses you. The bat hits you but does no damage.
Sigmund hits you from afar with a +0 scythe of venom.
You are more poisoned.
As you read the scroll labelled ECUALIS SIJENI, it crumbles to dust.
Your body is wracked with pain!
The bat convulses!
Sigmund convulses!
It was a scroll of torment.
You feel very sick. The bat barely misses you.
The air fills with toxic fumes!
As you read the scroll labelled QUOTHR QUNLIACH, it crumbles to dust.
It was a scroll of poison.
You feel very sick.
The bat is engulfed in poison gas.
The bat is poisoned.
The bat misses you.
Sigmund hits you from afar with a +0 scythe of venom.
* * * LOW HITPOINT WARNING * * *
You are lethally poisoned!
The bat is engulfed in poison gas.
The bat looks even sicker.
You kill the bat!
Okay, then.
It was a potion of attraction.
You feel attractive to monsters.
* * * LOW HITPOINT WARNING * * *
You feel very sick.
Sigmund hits you from afar with a +0 scythe of venom.
* * * LOW HITPOINT WARNING * * *
You are more poisoned.
Sigmund is attracted toward you.
It was a potion of haste.
You feel yourself speed up.
You die...

## #§ ###§§### #.§§§§§§ .....##
######## #.#§§#§###..... .......#
#.#.§§§§....... ### .#.###.#
#[##.!§# ..>. #..
.#.###.####.####@# ##... #.#
.#......(...####@# #...# #.#
.#..##.###§§§§§§§# #...# #.#
....##.# #§####### #...# ##.#
.......# #.# #...# #... ########
#.###### #...# #..# #####
#......# #...#######..# ....#
####.####.####.............
....###....##...................#
.........#.##....................


You could see Sigmund.

Vanquished Creatures
  A gnoll (D:1)
  An adder (D:2)
  4 ball pythons
  3 giant cockroaches
  2 goblins (D:1)
  4 hobgoblins (D:1)
  3 jackals (D:1)
  A quokka (D:2)
  2 bats (D:2)
  3 frilled lizards
  3 kobolds
  2 rats
29 creatures vanquished.

Notes
Turn   | Place    | Note
-------+----------+-------------------------------------------
     0 | D:1      | sizableburger the Ogre Transmuter began the quest for the
                  | Orb.
     0 | D:1      | Reached XP level 1. HP: 19/19 MP: 3/3
   170 | D:1      | Found a faded altar of an unknown god.
   462 | D:1      | Reached XP level 2. HP: 28/28 MP: 5/5
   584 | D:1      | Learned a level 2 spell: Wereblood
   814 | D:1      | Reached skill level 3 in Unarmed Combat
   814 | D:1      | Reached XP level 3. HP: 11/35 MP: 6/6
  1619 | D:2      | Learned a level 3 spell: Spider Form
  1936 | D:2      | Noticed Sigmund
  2002 | D:2      | Succumbed to Sigmund's poison

Illustrated notes

Levels and vault maps discovered:
D:1:      tarquinn_simple_flora_water_b, layout_loops_ring,
          ebering_ecumenical_altar_abandoned, minmay_misc_feat_four_crosses,
          minmay_3d_cube
D:2:      layout_loops_cross, uniq_terence, uniq_sigmund

Skill      XL: |  1  2 |
---------------+-------+-----
Dodging        | 2 |  2.2
Transmutations | 2 |  2.2
Fighting       | 2 |  2.6
Unarmed Combat | 3 |  3.1
Spellcasting   | |  2.4
Poison Magic   | |  0.5

Action                   || total
-------------------------++-------
Melee: Unarmed           ||   103
       Punch             ||     2
  Use: Scroll            ||     3
       Potion            ||     2
Armor: Robe              ||    31
Dodge: Dodged            ||    52

Table legend: (Time is in decaauts)
 A = Elapsed time spent in this place.
 B = Non-inter-level travel time spent in this place.
 C = Inter-level travel time spent in this place.
 D = Time resting spent in this place.
 E = Time spent auto-exploring this place.
 F = Levels seen in this place.
 G = Mean time per level.
                   A        B        C        D        E       F      G
               +--------+--------+--------+--------+--------+-----+--------+
         Total |   1996 |   1898 |     98 |    421 |   1209 |   2 |  998.0 |
       Dungeon |   1996 |   1898 |     98 |    421 |   1209 |   2 |  998.0 |
               +--------+--------+--------+--------+--------+-----+--------+

Top non-repeatable levels by time:
     D:1: 1599 daAuts
     D:2: 396 daAuts
